AoeStats
← willrhyd

Arabia

506651906Analyzed
1v1 RM · 18d ago on Sep 14, 2026· 37m 56s· 2 players
Game mode
Random Map
Map size
Tiny (2 player)
Population
200
Speed
Normal
Resources
Standard
Victory
Conquest
Starting age
Dark Age
Ending age
Imperial Age
RankedLock teamsTeams togetherTeam positionsShared explorationLock speedFull tech treeHidden civsTurbo modeCheats
Victory
Defeat
🇬🇧 Poles · United Kingdom
1548
+14
🇦🇷 Armenians · Argentina
1499
-14
Ds3.TheRazor
6:32 Loom
9:21 Feudal Age
9:35 Man-at-Arms
12:34 Double-Bit Axe
18:14 Wheelbarrow
20:55 Castle Age
18:52 Horse Collar
19:54 Padded Archer Armor
21:00 Fletching
21:15 Elite Skirmisher
22:43 Bow Saw
22:53 Bodkin Arrow
37:23 Imperial Age
34:43 Crossbowman
36:17 Leather Archer Armor
37:23 Ballistics
37:29 Arbalester
38:11 Bracer
willrhyd
5:57 Loom
9:42 Feudal Age
10:11 Double-Bit Axe
11:16 Horse Collar
19:19 Castle Age
17:57 Fletching
18:43 Gold Mining
19:25 Crossbowman
20:18 Bodkin Arrow
22:55 Padded Archer Armor
24:43 Wheelbarrow
27:40 Leather Archer Armor
33:09 Imperial Age
31:54 Scale Barding Armor
31:59 Forging
32:04 Heavy Plow
32:49 Bloodlines
32:39 Husbandry
32:39 Light Cavalry
34:18 Chain Barding Armor
34:30 Bracer
36:25 Bow Saw
36:13 Town Watch
36:19 Winged Hussar
38:27 Chemistry
37:48 Ballistics
39:03 Iron Casting
Connection lost

Rejoining the realm…

Still unreachable

The connection could not be restored.

Session expired

The server has moved on; the page needs a fresh start.